 Dungeon Crawl Stone Soup version 0.19-a0-1019-g9c6a58d (console) character file.

11083 brucemayne the Cleaver (level 11, 0/123 HPs)
             Began as a Vampire Berserker on July 25, 2016.
             Was a Priest of Trog.
             Succumbed to a water moccasin's poison
             ... on level 11 of the Dungeon.
             The game lasted 00:27:12 (5372 turns).

brucemayne the Cleaver (Vampire Berserker)          Turns: 5372, Time: 00:27:13

Health: 0/123      AC: 18    Str: 27    XL:     11   Next: 44%
Magic:  11/11      EV: 10    Int: 10    God:    Trog [***...]
Gold:   483        SH:  0    Dex: 14    Spells: 0 memorised, 10 levels left

rFire  . . .     SeeInvis +     a - +0 war axe
rCold  . . .     Gourm    .     J - +0 plate armour
rNeg   + . .     Faith    .     (no shield)
rPois  .         Spirit   .     e - +0 helmet
rElec  .         Dismiss  .     i - +0 cloak
rCorr  .         Reflect  .     M - +0 pair of gloves
SustAt .         Harm     .     L - +0 pair of boots
MR     +....                    (no amulet)
Stlth  ..........               (no ring)
                                w - +3 ring of strength

@: berserking, lethally poisoned (0 -> -7), very quick, somewhat resistant to
hostile enchantments, extremely unstealthy
A: fangs 3, see invisible, unbreathing
a: Bat Form, Berserk, Trog's Hand, Burn Spellbooks, Renounce Religion


You were on level 11 of the Dungeon.
You worshipped Trog.
Trog was most pleased with you.
You were not thirsty.

You visited 2 branches of the dungeon, and saw 13 of its levels.

You collected 483 gold pieces.

Inventory:

Hand Weapons
 a - a +0 war axe (weapon)
 f - a +0 broad axe
 g - a +0 whip of electrocution
 m - a +3 hand axe of freezing
 r - the +9 trident of a labyrinth {pain, +Rage +Inv Str+8 Int-4, unknown}
   (You found it on level 9 of the Dungeon)

   In the hands of one skilled in necromantic magic, it inflicts extra damage on
   living creatures.
   It affects your strength (+8).
   It affects your intelligence (-4).
   It lets you turn invisible.
   It lets you go berserk.
 E - a +0 hand axe of chopping
 F - a +3 short sword of electrocution
Missiles
 n - 82 stones (quivered)
 o - 15 poisoned needles
 I - 2 throwing nets
Armour
 e - a +0 helmet (worn)
 i - a +0 cloak (worn)
 J - a +0 plate armour (worn)
 L - a +0 pair of boots (worn)
 M - a +0 pair of gloves (worn)
Magical Staves
 K - a cursed staff of death {unknown}
Jewellery
 w - a +3 ring of strength (left hand)
Wands
 C - a wand of paralysis (11/24)
 G - a wand of flame (22/48)
 Q - a wand of flame (29/48)
 R - a wand of enslavement (6/24)
Scrolls
 p - 3 scrolls of remove curse
 u - a scroll of fear {unknown}
 z - 2 scrolls of fog {unknown}
 B - 2 scrolls of enchant weapon {unknown}
 D - a scroll of enchant armour {unknown}
 P - a scroll of recharging
Potions
 b - a potion of experience {unknown}
 c - 7 potions of blood
 d - a potion of agility {unknown}
 h - 3 potions of curing
 k - 2 potions of might {unknown}
 l - a potion of haste
 t - 3 potions of cancellation
 v - a potion of lignification {unknown}
 x - a potion of cure mutation {unknown}
 A - 2 potions of invisibility {unknown}
Books
 j - a book of Unlife

   Spells                             Type                      Level
   a - Recall                         Summoning/Translocation      3
   b - Animate Dead                   Necromancy                   4
   c - Control Undead                 Necromancy                   4
   d - Cigotuvi's Embrace             Necromancy                   5
   e - Death Channel                  Necromancy                   6
   f - Simulacrum                     Ice/Necromancy               6
   Trog disapproves of the use of such an item.
 H - a book of Fire

   Spells                             Type                      Level
   a - Ignite Poison                  Fire/Transmutation/Poison    3
   b - Fireball                       Conjuration/Fire             5
   c - Bolt of Fire                   Conjuration/Fire             6
   d - Delayed Fireball               Conjuration/Fire             7
   e - Ring of Flames                 Charms/Fire                  7
   Trog disapproves of the use of such an item.
Miscellaneous
 N - a fan of gales


   Skills:
 - Level 6.3 Fighting
 + Level 12.8 Axes
 - Level 7.4 Armour
 + Level 5.9 Dodging


You had 10 spell levels left.
You didn't know any spells.

Dungeon Overview and Level Annotations

Branches:
Dungeon (12/15)            Temple (1/1) D:7            Lair (0/6) D:8
    Orc: D:9-12

Altars:
Ashenzari
Cheibriados
Dithmenos
Elyvilon
Fedhas
Hepliaklqana
Kikubaaqudgha
Makhleb
Okawaru
Pakellas
Sif Muna
Trog
Xom
The Shining One

Shops:
D:5 [   D:8 [   D:11 (

Annotations:
D:4 exclusion: downstairs
D:5 Prince Ribbit


Innate Abilities, Weirdness & Mutations

You have razor-sharp teeth.
You have supernaturally acute eyesight. (SInv)
You can survive without breathing.


Message History

The vampire mosquito barely misses you. The centaur zombie hits you.
* * * LOW HITPOINT WARNING * * *
The vampire mosquito bites you.
* * * LOW HITPOINT WARNING * * *
You slash the vampire mosquito!
You destroy the vampire mosquito!
You hit the centaur zombie.
The centaur zombie hits you but does no damage.
Unknown command.
You hit the centaur zombie. You bite the centaur zombie!!
* * * LOW HITPOINT WARNING * * *
You feel sick. The centaur zombie hits you.
* * * LOW HITPOINT WARNING * * *
Unknown command.
You slash the centaur zombie! You bite the centaur zombie!
You destroy the centaur zombie!
* * * LOW HITPOINT WARNING * * *
You feel sick.
Unknown command.
You die...

# #...# #... #..)# #..#
......#.# #..# #..##.#.# ..# #
#. ..#.## (.. # # .. ####..#
#.#.# # # #%.###.#.# ##.####
#...##...# ......#
#.#.##@#####... ######
####.#.##.........
##...###....#.##.###########
##.#.#...#.................#
...#.#...#.##..#.#########.###
##.#.###.#.###.#.....#.......#
#.#..)..#.###.#..##.#.###.#.#
#########........# ...#.#
####.....# #####.#


There were no monsters in sight!

Vanquished Creatures
  Fannar (D:10)
  Erolcha (D:10)
  A death yak (D:8)
  An orc knight (D:11)
  A centaur zombie (D:11)
  Joseph (D:10)
  The ghost of epen the Charmwright, a novice MfSk (D:5)
  2 trolls (D:9)
  A blink frog (D:8)
  Sigmund (D:3)
  A shadow (D:11)
  5 yaks
  2 hogs
  A human (D:7)
  3 vampire mosquitoes (D:11)
  A steam dragon (D:9)
  2 insubstantial wisps (D:9)
  Duvessa (D:6)
  2 water moccasins
  2 black bears (D:10)
  2 ice beasts (D:11)
  6 orc warriors
  4 sky beasts
  A necrophage (D:11)
  5 ogres
  3 giant frogs
  2 gnoll sergeants
  Dowan (D:6)
  A scorpion (D:10)
  7 killer bees
  7 wights
  2 howler monkeys (D:6)
  A crimson imp (D:11)
  A gnoll shaman (D:9)
  A jelly (D:8)
  3 giant frog skeletons
  8 hounds
  7 orc priests
  7 orc wizards
  2 human zombies (D:9)
  4 iguanas
  A centaur skeleton (D:8)
  2 human skeletons (D:9)
  5 worker ants
  7 sheep
  An ogre skeleton (D:9)
  2 mummies (D:9)
  14 gnolls
  6 adders
  A howler monkey skeleton (D:6)
  4 shadow imps
  An adder zombie (D:7)
  2 worms
  A dart slug (D:2)
  2 giant geckos
  38 orcs
  2 ball pythons
  2 bats
  3 giant cockroaches
  A goblin (D:1)
  5 hobgoblins
  5 jackals
  A quokka (D:8)
  3 giant newts
  5 kobolds
  8 rats
228 creatures vanquished.

Vanquished Creatures (others)
  An orc (D:10)
  A plant (D:10)
2 creatures vanquished.

Grand Total: 230 creatures vanquished

Notes
Turn   | Place    | Note
-------+----------+-------------------------------------------
     0 | D:1      | brucemayne the Vampire Berserker began the quest for the Orb.
     0 | D:1      | Reached XP level 1. HP: 17/17 MP: 1/1
   100 | D:3      | Reached skill level 3 in Axes
   283 | D:2      | Reached XP level 2. HP: 23/23 MP: 2/2
   561 | D:3      | Reached XP level 3. HP: 13/29 MP: 3/3
   619 | D:3      | Reached ** piety under Trog
   813 | D:3      | Reached skill level 4 in Axes
   813 | D:3      | Reached XP level 4. HP: 21/35 MP: 4/4
   930 | D:3      | Noticed Sigmund
   943 | D:3      | Killed Sigmund
   943 | D:3      | Reached skill level 5 in Axes
   943 | D:3      | Reached XP level 5. HP: 30/41 MP: 5/5
  1065 | D:5      | Entered Level 5 of the Dungeon
  1132 | D:5      | Found a shadowy altar of Dithmenos.
  1135 | D:5      | Noticed an ogre
  1136 | D:5      | Noticed Prince Ribbit
  1291 | D:4      | Reached XP level 6. HP: 46/47 MP: 6/6
  1299 | D:4      | Found a white marble altar of Elyvilon.
  1310 | D:4      | Reached skill level 6 in Axes
  1491 | D:5      | Found Inisuiqi's Antique Armour Emporium.
  1537 | D:5      | Noticed epen's ghost (novice MfSk)
  1562 | D:5      | Killed epen's ghost
  1562 | D:5      | Reached skill level 7 in Axes
  1562 | D:5      | Reached XP level 7. HP: 52/52 MP: 7/7
  1679 | D:5      | Found a shimmering altar of Xom.
  1708 | D:6      | Reached skill level 8 in Axes
  2039 | D:6      | Noticed Duvessa
  2041 | D:6      | Noticed Dowan
  2044 | D:6      | Reached XP level 8. HP: 43/58 MP: 8/8
  2047 | D:6      | Reached skill level 9 in Axes
  2056 | D:6      | Killed Duvessa
  2184 | D:6      | Killed Dowan
  2362 | D:6      | Reached skill level 10 in Axes
  2377 | D:6      | Reached *** piety under Trog
  2525 | D:7      | Found a staircase to the Ecumenical Temple.
  2534 | Temple   | Entered the Ecumenical Temple
  2838 | D:8      | Found Xotsecva's Armour Shoppe.
  2925 | D:8      | Reached XP level 9. HP: 38/63 MP: 9/9
  2971 | D:8      | Reached skill level 11 in Axes
  3194 | D:7      | Noticed a moth of wrath
  3197 | D:7      | Found a bloodstained altar of Trog.
  3278 | D:7      | Found an iron altar of Okawaru.
  3418 | D:9      | Found an ancient bone altar of Kikubaaqudgha.
  3485 | D:9      | Reached skill level 5 in Fighting
  3550 | D:10     | Entered Level 10 of the Dungeon
  3571 | D:9      | Got an encrusted trident
  3628 | D:8      | Found a staircase to the Lair.
  3630 | D:8      | Noticed a death yak
  3651 | D:8      | Killed a death yak
  3651 | D:8      | Reached skill level 5 in Armour
  3651 | D:8      | Reached XP level 10. HP: 76/76 MP: 10/10
  3849 | D:9      | Reached **** piety under Trog
  3955 | D:10     | Noticed Fannar
  4018 | D:9      | Found a hazy altar of Hepliaklqana.
  4394 | D:9      | Found a deep blue altar of Sif Muna.
  4760 | D:10     | Killed Fannar
  4760 | D:10     | Reached skill level 12 in Axes
  4805 | D:10     | Noticed Erolcha
  4819 | D:10     | Killed Erolcha
  4819 | D:10     | Reached XP level 11. HP: 82/82 MP: 11/11
  4896 | D:10     | Noticed a hill giant
  4919 | D:11     | Noticed an orc knight
  4936 | D:11     | Killed an orc knight
  5211 | D:11     | Found Emnum's Weapon Shop.
  5228 | D:10     | Noticed Joseph
  5243 | D:10     | Killed Joseph
  5243 | D:10     | Reached skill level 5 in Dodging
  5368 | D:11     | HP: 3/123 [vampire mosquito (4)]
  5371 | D:11     | HP: 1/123 [poisoned by a water moccasin]
  5372 | D:11     | Succumbed to a water moccasin's poison

Vault maps used:
D:1:      dpeg_arrival_simpleton_c
D:2:      nicolae_qazlal_style_of_elements, dk_vineyard_1
D:3:      grunt_ministairs_14, hex_medium, uniq_sigmund
D:4:      lemuel_doored_altar
D:5:      nicolae_dithmenos_the_darkroom, nicolae_overflow_hidden_temple,
          serial_shops, shop, first_bread, minmay_crystal_room,
          uniq_prince_ribbit1, uniq_pikel
D:6:      uniq_duvessa
D:7:      okawaru_humans, tgw_trog
D:8:      grunt_temple_overflow_open, dpeg_lair_monsters, serial_shops, shop,
          grunt_ogre_cave
D:9:      lemuel_mausoleum_altar_kikubaaqudgha, led_sif_book,
          nicolae_overflow_crystal_walls, serial_bayou_pond_d,
          hangedman_misty_isle
D:10:     kennysheep_town, uniq_joseph, uniq_fannar, uniq_erolcha
D:11:     serial_shops, shop, st_stairs_1
D:12:     serial_glass, glass_columns_b, glass_columns_a, uniq_maurice
Temple:   minmay_temple_forest_path

Skill      XL: |  1  2  3  4  5  6  7  8  9 10 11 |
---------------+----------------------------------+-----
Axes           | 3 4 5 7 8 10 11 12 | 12.8
Fighting       | 3 6 |  6.3
Armour         | 5 7 |  7.4
Dodging        | 3 5 |  5.9

Action                   |  1- 3 |  4- 6 |  7- 9 | 10-12 || total
-------------------------+-------+-------+-------+-------++-------
Melee: Hand axe          |    83 |    82 |   173 |   150 ||   488
       Bite              |     8 |    13 |    35 |    39 ||    95
       Broad axe         |       |       |   159 |       ||   159
       War axe           |       |       |       |   147 ||   147
Invok: Berserk           |     1 |     3 |     9 |    11 ||    24
       Trog's Hand       |       |     1 |    12 |    18 ||    31
       Burn Spellbooks   |       |       |     1 |       ||     1
 Abil: End Transformatio |       |       |     1 |     3 ||     4
       Bat Form          |       |       |     1 |     3 ||     4
Evoke: Wand              |       |       |    16 |       ||    16
  Use: Potion            |     2 |     6 |    19 |    25 ||    52
       Scroll            |       |       |     8 |     4 ||    12
 Stab: Paralysed         |       |       |     4 |       ||     4
Armor: Ring mail         |    32 |       |       |       ||    32
       Chain mail        |       |    33 |    73 |       ||   106
       Plate armour      |       |       |    61 |   193 ||   254
Dodge: Dodged            |    58 |    31 |   130 |   108 ||   327
